 Dungeon Crawl Stone Soup version 0.18.1-48-g4cf74bf (webtiles) character file.

635 Alarkh the Poker (level 7, -4/50 HPs)
             Began as a Mummy Skald on July 28, 2016.
             Was an Initiate of Gozag.
             Slain by a centaur
             ... wielding a cursed +0 shortbow
              (8 damage)
             ... on level 5 of the Dungeon.
             The game lasted 00:06:43 (3973 turns).

Alarkh the Poker (Mummy Skald)                      Turns: 3973, Time: 00:06:43

Health: -4/50      AC:  7    Str: 15    XL:     7   Next: 25%
Magic:  7/10       EV: 11    Int: 13    God:    Gozag
Gold:   139        SH:  0    Dex: 12    Spells: 3 memorised, 4 levels left

rFire  x . .     SeeInvis .     a - -2 trident (curse)
rCold  + . .     Gourm    .     b - +0 leather armour
rNeg   + + +     Faith    .     (no shield)
rPois  ∞         Spirit   .     i - +2 hat
rElec  .         Dismiss  .     (no cloak)
rCorr  .         Reflect  .     (no gloves)
SustAt .         Harm     .     k - +1 pair of boots
MR     .....     Rnd*Tele +     t - amulet of rage (curse)
Stlth  +.........               r - ring of teleportation (curse)
                                n - +4 ring of slaying

@: infused (expiring), not resistant to hostile enchantments, very unstealthy
A: no food or potions, fire vulnerability, cold resistance 1, negative energy
resistance 3, torment resistance, unbreathing
a: Potion Petition, Call Merchant, Bribe Branch, Renounce Religion


You were on level 5 of the Dungeon.
You worshipped Gozag.
Gozag was noncommittal.
You were not hungry.

You visited 2 branches of the dungeon, and saw 6 of its levels.

You collected 205 gold pieces.
You paid 66 gold pieces to Gozag.

Inventory:

Hand Weapons
 a - a cursed -2 trident (weapon)
 o - a +0 halberd
 p - a +0 spear
Armour
 b - a +0 leather armour (worn)
 i - a +2 hat (worn)
 k - a +1 pair of boots (worn)
Jewellery
 g - a +4 ring of intelligence
 h - a +2 ring of dexterity
 n - a +4 ring of slaying (left hand)
 r - a cursed ring of teleportation (right hand)
 t - a cursed amulet of rage (around neck)
Wands
 m - a wand of iceblast (7/15)
Scrolls
 d - 3 scrolls of teleportation
 e - a scroll of fear
 f - a scroll of enchant armour
 j - a scroll of fog
 l - a scroll of recharging
 q - a scroll of random uselessness
 u - a scroll of identify
Books
 c - a book of Battle

   Spells                             Type                      Level
   a - Infusion                       Charms                       1
   b - Shroud of Golubria             Charms/Translocation         2
   c - Song of Slaying                Charms                       2
   d - Spectral Weapon                Hexes/Charms                 3
   e - Regeneration                   Charms/Necromancy            3
 s - a book of Necromancy

   Spells                             Type                      Level
   a - Pain                           Necromancy                   1
   b - Animate Skeleton               Necromancy                   1
   c - Vampiric Draining              Necromancy                   3
   d - Regeneration                   Charms/Necromancy            3
   e - Animate Dead                   Necromancy                   4
   f - Control Undead                 Necromancy                   4


   Skills:
 - Level 2.0 Fighting
 + Level 6.8 Polearms
 - Level 0.7 Armour
 - Level 0.7 Dodging
 - Level 2.0 Spellcasting
 - Level 2.4 Charms


You had 4 spell levels left.
You knew the following spells:

 Your Spells              Type           Power        Failure   Level  Hunger
a - Infusion              Chrm           #...         14%         1    N/A
b - Shroud of Golubria    Chrm/Tloc      #.........   30%         2    N/A
c - Spectral Weapon       Hex/Chrm       #.......     65%         3    N/A

Dungeon Overview and Level Annotations

Branches:
Dungeon (5/15)             Temple (1/1) D:5

Altars:
Ashenzari
Dithmenos
Elyvilon
Fedhas
Gozag
Kikubaaqudgha
Nemelex Xobeh
Okawaru
Ru
Sif Muna
Trog
Vehumet
Xom


Innate Abilities, Weirdness & Mutations

You do not eat or drink.
Your flesh is vulnerable to fire.
You are immune to poison.
Your flesh is cold resistant.
You are immune to negative energy.
You are immune to unholy pain and torment.
You can survive without breathing.


Message History

The centaur completely misses you. Something hits you but does no damage.
You closely miss the centaur.
The centaur is severely wounded.
The centaur hits you with a shortbow.
* * * LOW HITPOINT WARNING * * *
Something hits you but does no damage.
You hit the centaur.
The centaur is almost dead.
The centaur hits you with a shortbow.
* * * LOW HITPOINT WARNING * * *
You barely miss the centaur.
The centaur is almost dead.
Your magical infusion is running out.
The centaur barely misses you. Something hits you but does no damage.
You barely miss the centaur.
The centaur is almost dead.
The centaur barely misses you. Something hits you but does no damage.
The centaur hits you with a shortbow!
You die...
Your body crumbles into a pile of gold.

#.# #..# #.#.#.#.#
#.###..###.#.#.#.##.
................(...
.............#.#.##.#
........####.#.#.##.#.#.
.##............((.......
.##....#.###.###.##.#...
.##....#).##.# #.#
.########.##.# #@#
.##.... ..#.# #c.......
...(.... ....# ####.##..
.##......#.#.# .. .#
.....#...##.#. ... ...
............. .. ####
#.......##.###. . #
#.................. #
#......>...........


You could see a centaur.

Vanquished Creatures
  An ogre (D:5)
  The ghost of yogakurto the Charlatan, an amateur KoAr (D:3)
  2 howler monkeys
  A hound (D:4)
  A giant frog skeleton (D:5)
  An orc wizard (D:4)
  An iguana (D:5)
  Natasha (thrice) (D:2)
  A worker ant (D:3)
  A worker ant zombie (D:5)
  2 gnolls (D:3)
  6 adders
  An adder skeleton (D:5)
  3 worms
  2 dart slugs
  6 orcs (D:4)
  7 giant cockroaches
  6 goblins
  8 hobgoblins
  18 jackals
  4 kobolds
  3 quokkas
  A ball python (D:1)
  6 bats
  2 giant newts
  A jackal skeleton (D:4)
  6 rats
95 creatures vanquished.

Notes
Turn   | Place    | Note
--------------------------------------------------------------
     0 | D:1      | Alarkh the Mummy Skald began the quest for the Orb.
     0 | D:1      | Reached XP level 1. HP: 16/16 MP: 3/3
    88 | D:1      | Reached skill level 2 in Polearms
   144 | D:1      | Reached XP level 2. HP: 8/22 MP: 0/5
   820 | D:2      | Noticed Natasha
   824 | D:2      | Killed Natasha
   824 | D:2      | Reached skill level 3 in Polearms
   824 | D:2      | Reached XP level 3. HP: 22/27 MP: 2/6
   848 | D:2      | Found a shadowy altar of Dithmenos.
  1167 | D:2      | Noticed Natasha
  1172 | D:2      | Killed Natasha
  1172 | D:2      | Reached XP level 4. HP: 33/33 MP: 1/7
  1305 | D:2      | Noticed Natasha
  1319 | D:2      | Killed Natasha
  1319 | D:2      | Reached skill level 4 in Polearms
  1811 | D:2      | Reached XP level 5. HP: 36/38 MP: 2/8
  2163 | D:3      | Found a radiant altar of Vehumet.
  2194 | D:3      | Found a white marble altar of Elyvilon.
  2368 | D:3      | Noticed yogakurto's ghost (amateur KoAr)
  2416 | D:3      | Killed yogakurto's ghost
  2420 | D:3      | Learned a level 2 spell: Shroud of Golubria
  2424 | D:3      | Learned a level 3 spell: Spectral Weapon
  2487 | D:3      | Reached skill level 5 in Polearms
  2665 | D:3      | Reached XP level 6. HP: 10/44 MP: 2/9
  2910 | D:4      | Found a sacrificial altar of Ru.
  3449 | D:3      | Reached skill level 6 in Polearms
  3478 | D:3      | Found an iron altar of Okawaru.
  3503 | D:3      | Became a worshipper of Warmaster Okawaru
  3551 | D:5      | Entered Level 5 of the Dungeon
  3616 | D:5      | Found a staircase to the Ecumenical Temple.
  3625 | Temple   | Entered the Ecumenical Temple
  3767 | Temple   | Fell from the grace of Okawaru
  3767 | Temple   | Became a worshipper of Gozag Ym Sagoz the Greedy
  3871 | D:5      | Reached XP level 7. HP: 48/50 MP: 4/10
  3973 | D:5      | Slain by a centaur

Skill      XL: |  1  2  3  4  5  6 |
---------------+-------------------+-----
Polearms       | 2 3 4 5 6 |  6.8
Fighting       | |  2.0
Armour         | |  0.7
Dodging        | |  0.7
Spellcasting   | |  2.0
Charms         | |  2.4

Action                   |  1- 3 |  4- 6 |  7- 9 || total
-------------------------+-------+-------+-------++-------
Melee: Spear             |   102 |   153 |       ||   255
       Trident           |       |    86 |    30 ||   116
 Cast: Infusion          |    17 |    28 |     2 ||    47
  Use: Scroll            |     1 |     5 |       ||     6
 Stab: Sleeping          |     2 |     2 |       ||     4
Armor: Leather armour    |    24 |    98 |    10 ||   132
Dodge: Dodged            |    51 |   125 |    17 ||   193
